SA
ATHLETIC CLUB KC U-24 @ YORK REVOLUTION
07/19/2034
 
TOP OF THE 1ST
Athletic Club KC U-24 batting - Pitching for York Revolution : LHP Ralph Greer
Pitching: LHP Ralph Greer
Batting: RHB Woody Thomas 0-0: Ground out 3-1 (Groundball, 34)
Batting: RHB Bobby McFillin 0-0: Foul Ball, location: 2F
0-1: Called Strike
0-2: SINGLE (Flyball, 78M)
Batting: RHB Andy Roarick 0-0: Called Strike
0-1: Swinging Strike
0-2: Ball
1-2: Foul Ball, location: 2F
1-2: Foul Ball, location: 2F
1-2: Strikes out looking
Batting: RHB Gabriel Camparán 0-0: Ground out 4-3 (Groundball, 4)
Top of the 1st over - 0 runs, 1 hit, 0 errors, 1 left on base; Athletic Club KC 0 - York 0
BOTTOM OF THE 1ST
York Revolution batting - Pitching for Athletic Club KC U-24 : LHP Francisco González
Pitching: LHP Francisco González
Batting: RHB Michael Carter 0-0: Ball
1-0: Fly out, F4 (Flyball, 4D)
Batting: SHB Eric Thomas 0-0: Called Strike
0-1: Ball
1-1: Foul Ball, location: 2F
1-2: Ball
2-2: Strikes out swinging
Batting: SHB Vicente Romero 0-0: Ball
1-0: Ball
2-0: Ball
3-0: Called Strike
3-1: Called Strike
3-2: Strikes out swinging
Bottom of the 1st over - 0 runs, 0 hits, 0 errors, 0 left on base; Athletic Club KC 0 - York 0
TOP OF THE 2ND
Athletic Club KC U-24 batting - Pitching for York Revolution : LHP Ralph Greer
Batting: LHB León Guillén 0-0: Ball
1-0: Ground out 4-3 (Groundball, 4D)
Batting: RHB Rafael Cortéz 0-0: Foul Ball, location: 2F
0-1: Swinging Strike
0-2: Strikes out looking
Batting: RHB Domingo Zamora 0-0: Ball
1-0: Ground out 4-3 (Groundball, 4M)
Top of the 2nd over - 0 runs, 0 hits, 0 errors, 0 left on base; Athletic Club KC 0 - York 0
BOTTOM OF THE 2ND
York Revolution batting - Pitching for Athletic Club KC U-24 : LHP Francisco González
Batting: RHB Ryoma Yamamoto 0-0: Called Strike
0-1: Ball
1-1: Ball
2-1: Ball
3-1: Swinging Strike
3-2: Fly out, F8 (Flyball, 8RM)
Batting: LHB Luis García 0-0: Foul Ball, location: 2F
0-1: Called Strike
0-2: Foul Ball, location: 2F
0-2: Ball
1-2: Ball
2-2: Ball
3-2: Foul Ball, location: 2F
3-2: Strikes out swinging
Batting: LHB Jack MacOmish 0-0: Called Strike
0-1: Foul Ball, location: 2F
0-2: Ball
1-2: Ball
2-2: Strikes out swinging
Bottom of the 2nd over - 0 runs, 0 hits, 0 errors, 0 left on base; Athletic Club KC 0 - York 0
TOP OF THE 3RD
Athletic Club KC U-24 batting - Pitching for York Revolution : LHP Ralph Greer
Batting: RHB Elias Klomp 0-0: SINGLE (Groundball, 56D)
Batting: RHB Miguel Gómez 0-0: Ball
1-0: Swinging Strike
1-1: Foul Ball, location: 2F
1-2: Ball
2-2: Ball
3-2: Base on Balls
Elias Klomp to second
Batting: RHB Woody Thomas 0-0: Called Strike
0-1: DOUBLE (Flyball, 8LXD)
Elias Klomp scores
Miguel Gómez to third
Runner from 3rd tries for Home, SAFE, no throw
Batting: RHB Bobby McFillin 0-0: Called Strike
0-1: Ball
1-1: Ball
2-1: DOUBLE (Line Drive, 78XD)
Woody Thomas scores
Batting: RHB Andy Roarick 0-0: Ball
Wild Pitch!
Bobby McFillin to third
1-0: Ball
2-0: Foul Ball, location: 2F
2-1: Called Strike
2-2: 2-RUN HOME RUN (Flyball, 9LD), Distance : 344 ft
Batting: RHB Gabriel Camparán 0-0: Ball
1-0: Foul Ball, location: 2F
1-1: Foul Ball, location: 2F
1-2: Ball
2-2: Foul Ball, location: 2F
2-2: Ball
3-2: Base on Balls
Batting: LHB León Guillén 0-0: Called Strike
0-1: Ball
1-1: Ball
2-1: Fly out, F9 (Flyball, 9)
Batting: RHB Rafael Cortéz 0-0: DOUBLE (Line Drive, 7LM)
Gabriel Camparán to third
Batting: RHB Domingo Zamora 0-0: Called Strike
0-1: Ball
1-1: Called Strike
1-2: Strikes out swinging
Batting: RHB Elias Klomp 0-0: Ball
1-0: Called Strike
1-1: Swinging Strike
1-2: Foul Ball, location: 2F
1-2: Strikes out looking
Top of the 3rd over - 5 runs, 5 hits, 0 errors, 2 left on base; Athletic Club KC 5 - York 0
BOTTOM OF THE 3RD
York Revolution batting - Pitching for Athletic Club KC U-24 : LHP Francisco González
Batting: RHB John Birges 0-0: Ball
1-0: Called Strike
1-1: Foul Ball, location: 2F
1-2: Ball
2-2: Fly out, F7 (Flyball, 78S)
Batting: RHB Dane Bernstine 0-0: Called Strike
0-1: Ball
1-1: Called Strike
1-2: Ball
2-2: Fly out, F7 (Flyball, 7LSF)
Batting: LHB José Soriano 0-0: Foul Ball, location: 2F
0-1: Foul Ball, location: 2F
0-2: Strikes out swinging
Bottom of the 3rd over - 0 runs, 0 hits, 0 errors, 0 left on base; Athletic Club KC 5 - York 0
TOP OF THE 4TH
Athletic Club KC U-24 batting - Pitching for York Revolution : LHP Ralph Greer
Batting: RHB Miguel Gómez 0-0: Ball
1-0: Called Strike
1-1: Ball
2-1: Swinging Strike
2-2: Strikes out looking
Batting: RHB Woody Thomas 0-0: Called Strike
0-1: Foul Ball, location: 2F
0-2: Ball
1-2: Fly out, F8 (Flyball, 8RM)
Batting: RHB Bobby McFillin 0-0: Ball
1-0: Ground out 4-3 (Groundball, 4)
Top of the 4th over - 0 runs, 0 hits, 0 errors, 0 left on base; Athletic Club KC 5 - York 0
BOTTOM OF THE 4TH
York Revolution batting - Pitching for Athletic Club KC U-24 : LHP Francisco González
Batting: RHB Michael Carter 0-0: Foul Ball, location: 2F
0-1: Ball
1-1: Fly out, F8 (Flyball, 78M)
Batting: SHB Eric Thomas 0-0: SINGLE (Groundball, 56D)
Batting: SHB Vicente Romero 0-0: Ball
1-0: Ball
2-0: Ball
3-0: Base on Balls
Eric Thomas to second
Batting: RHB Ryoma Yamamoto 0-0: Grounds into double play, 6-4-3 (Groundball, 6)
Bottom of the 4th over - 0 runs, 1 hit, 0 errors, 1 left on base; Athletic Club KC 5 - York 0
TOP OF THE 5TH
Athletic Club KC U-24 batting - Pitching for York Revolution : LHP Ralph Greer
Batting: RHB Andy Roarick 0-0: SINGLE (Line Drive, 6D)
Batting: RHB Gabriel Camparán 0-0: Ball
1-0: Ball
2-0: Ball
3-0: Called Strike
3-1: Base on Balls
Andy Roarick to second
Batting: LHB León Guillén 0-0: Called Strike
0-1: Ball
1-1: Foul Ball, location: 2F
1-2: Foul Ball, location: 2F
1-2: Strikes out swinging
Batting: RHB Rafael Cortéz 0-0: Ball
1-0: Called Strike
1-1: Foul Ball, location: 2F
1-2: Ball
2-2: Foul Ball, location: 2F
2-2: Strikes out swinging
Batting: RHB Domingo Zamora 0-0: Called Strike
0-1: Ball
1-1: Ball
2-1: Foul Ball, location: 2F
2-2: Fly out, F3 (Line Drive, 34)
Top of the 5th over - 0 runs, 1 hit, 0 errors, 2 left on base; Athletic Club KC 5 - York 0
BOTTOM OF THE 5TH
York Revolution batting - Pitching for Athletic Club KC U-24 : LHP Francisco González
Batting: LHB Luis García 0-0: Ball
1-0: Ball
2-0: Called Strike
2-1: Swinging Strike
2-2: Strikes out looking
Batting: LHB Jack MacOmish 0-0: SINGLE (Flyball, 89M)
Batting: RHB John Birges 0-0: Foul Ball, location: 2F
0-1: Ball
1-1: Ball
2-1: Swinging Strike
2-2: Foul Ball, location: 2F
2-2: Ball
3-2: Base on Balls
Jack MacOmish to second
Batting: RHB Dane Bernstine 0-0: Called Strike
0-1: Called Strike
Jack MacOmish steals 3rd base
0-2: Foul Ball, location: 2F
0-2: Ball
1-2: Ball
2-2: Ball
3-2: Strikes out looking
Batting: LHB José Soriano 0-0: Foul Ball, location: 2F
0-1: Ball
1-1: Fly out, F7 (Line Drive, 7LM)
Bottom of the 5th over - 0 runs, 1 hit, 0 errors, 2 left on base; Athletic Club KC 5 - York 0
TOP OF THE 6TH
Athletic Club KC U-24 batting - Pitching for York Revolution : LHP Ralph Greer
Pitching: RHP Steve O'Keefe
Batting: RHB Elias Klomp 0-0: Called Strike
0-1: Foul Ball, location: 2F
0-2: Ball
1-2: Strikes out swinging
Batting: RHB Miguel Gómez 0-0: Called Strike
0-1: Swinging Strike
0-2: Ball
1-2: DOUBLE (Groundball, 5L)
Batting: RHB Woody Thomas 0-0: Ball
1-0: Ball
2-0: Called Strike
2-1: Called Strike
2-2: Strikes out swinging
Batting: RHB Bobby McFillin 0-0: Called Strike
0-1: Ball
1-1: Ball
2-1: Ball
3-1: Foul Ball, location: 2F
3-2: Base on Balls
Batting: RHB Andy Roarick 0-0: Ball
1-0: Fly out, F2 (Popup, 5SF)
Top of the 6th over - 0 runs, 1 hit, 0 errors, 2 left on base; Athletic Club KC 5 - York 0
BOTTOM OF THE 6TH
York Revolution batting - Pitching for Athletic Club KC U-24 : LHP Francisco González
Batting: RHB Michael Carter 0-0: Ball
1-0: Fly out, F9 (Flyball, 9S)
Batting: SHB Eric Thomas 0-0: Called Strike
0-1: Foul Ball, location: 2F
0-2: Ball
1-2: Foul Ball, location: 2F
1-2: Ground out 5-3 (Groundball, 56S)
Batting: SHB Vicente Romero 0-0: Fly out, F8 (Flyball, 8LXD)
Bottom of the 6th over - 0 runs, 0 hits, 0 errors, 0 left on base; Athletic Club KC 5 - York 0
TOP OF THE 7TH
Athletic Club KC U-24 batting - Pitching for York Revolution : RHP Steve O'Keefe
Batting: RHB Gabriel Camparán 0-0: Called Strike
0-1: SINGLE (Groundball, 4D)
Batting: LHB León Guillén 0-0: Ball
1-0: Ball
2-0: Foul Ball, location: 2F
2-1: Ball
3-1: Foul Ball, location: 2F
3-2: Foul Ball, location: 2F
3-2: Base on Balls
Gabriel Camparán to second
Batting: RHB Rafael Cortéz 0-0: Called Strike
0-1: Foul Ball, location: 2F
0-2: Strikes out looking
Batting: RHB Domingo Zamora 0-0: Ball
1-0: Foul Ball, location: 2F
1-1: Foul Ball, location: 2F
1-2: Ball
2-2: Strikes out swinging
Batting: RHB Elias Klomp 0-0: SINGLE (Line Drive, 6MD)
Gabriel Camparán to third
León Guillén to second
Batting: RHB Miguel Gómez 0-0: Called Strike
0-1: Ball
1-1: Swinging Strike
1-2: Strikes out swinging
Top of the 7th over - 0 runs, 2 hits, 0 errors, 3 left on base; Athletic Club KC 5 - York 0
BOTTOM OF THE 7TH
York Revolution batting - Pitching for Athletic Club KC U-24 : LHP Francisco González
Batting: RHB Ryoma Yamamoto 0-0: Called Strike
0-1: Called Strike
0-2: Ball
1-2: Ball
2-2: SOLO HOME RUN (Flyball, 7D), Distance : 391 ft
Pitching: RHP Norberto Anaya
Batting: LHB Luis García 0-0: Ground out U3 (Groundball, 3)
Batting: LHB Jack MacOmish 0-0: Ball
1-0: Called Strike
1-1: Ball
2-1: Ball
3-1: Called Strike
3-2: Foul Ball, location: 2F
3-2: Strikes out swinging
Batting: RHB John Birges 0-0: Ball
1-0: Called Strike
1-1: Swinging Strike
1-2: Foul Ball, location: 2F
1-2: Foul Ball, location: 2F
1-2: Ball
2-2: Ball
3-2: Strikes out swinging
Bottom of the 7th over - 1 run, 1 hit, 0 errors, 0 left on base; Athletic Club KC 5 - York 1
TOP OF THE 8TH
Athletic Club KC U-24 batting - Pitching for York Revolution : RHP Steve O'Keefe
Batting: RHB Woody Thomas 0-0: Ball
1-0: Swinging Strike
1-1: Ground out 4-3 (Groundball, 4M)
Batting: RHB Bobby McFillin 0-0: Called Strike
0-1: Foul Ball, location: 2F
0-2: Foul Ball, location: 2F
0-2: Foul Ball, location: 2F
0-2: Ground out 4-3 (Groundball, 4)
Batting: RHB Andy Roarick 0-0: Called Strike
0-1: Foul Ball, location: 2F
0-2: Ball
1-2: Strikes out swinging
Top of the 8th over - 0 runs, 0 hits, 0 errors, 0 left on base; Athletic Club KC 5 - York 1
BOTTOM OF THE 8TH
York Revolution batting - Pitching for Athletic Club KC U-24 : RHP Norberto Anaya
Batting: RHB Dane Bernstine 0-0: Ground out 5-3 (Groundball, 56S)
Batting: LHB José Soriano 0-0: Foul Ball, location: 2F
0-1: SINGLE (Flyball, 89S)
Batting: RHB Michael Carter 0-0: Ball
1-0: Called Strike
1-1: Called Strike
1-2: Fielders Choice at 2nd, 4-6 (Groundball, 4D)
Batting: SHB Eric Thomas 0-0: Foul Ball, location: 2F
0-1: SINGLE (Line Drive, 4)
Michael Carter to second
Runner from 2nd tries for 3rd, SAFE, throw made to third
Eric Thomas to second
Batting: SHB Vicente Romero 0-0: Fly out, F9 (Line Drive, 89S)
Bottom of the 8th over - 0 runs, 2 hits, 0 errors, 2 left on base; Athletic Club KC 5 - York 1
TOP OF THE 9TH
Athletic Club KC U-24 batting - Pitching for York Revolution : RHP Steve O'Keefe
Batting: RHB Gabriel Camparán 0-0: Ball
1-0: Ball
2-0: Ball
3-0: Called Strike
3-1: Ground out 3-1 (Groundball, 34S)
Batting: LHB León Guillén 0-0: Ball
1-0: Ball
2-0: Ball
3-0: Called Strike
3-1: Foul Ball, location: 2F
3-2: Foul Ball, location: 2F
3-2: Base on Balls
Batting: RHB Rafael Cortéz 0-0: Called Strike
0-1: Swinging Strike
0-2: Strikes out swinging
Batting: RHB Domingo Zamora 0-0: Ball
1-0: Swinging Strike
1-1: Foul Ball, location: 2F
1-2: Strikes out swinging
Top of the 9th over - 0 runs, 0 hits, 0 errors, 1 left on base; Athletic Club KC 5 - York 1
BOTTOM OF THE 9TH
York Revolution batting - Pitching for Athletic Club KC U-24 : RHP Norberto Anaya
Batting: RHB Ryoma Yamamoto 0-0: Ball
1-0: Ball
2-0: Called Strike
2-1: Foul Ball, location: 2F
2-2: Foul Ball, location: 2F
2-2: Foul Ball, location: 2F
2-2: Ball
3-2: SINGLE (Groundball, 6MD)
Batting: LHB Luis García 0-0: Ball
1-0: Called Strike
1-1: Foul Ball, location: 2F
1-2: Foul Ball, location: 2F
1-2: Ball
2-2: Foul Ball, location: 2F
2-2: Ball
3-2: Grounds into double play, 4-6-3 (Groundball, 4)
Batting: LHB Jack MacOmish 0-0: Ball
1-0: Ball
2-0: Called Strike
2-1: Swinging Strike
2-2: Strikes out swinging
Bottom of the 9th over - 0 runs, 1 hit, 0 errors, 0 left on base; Athletic Club KC 5 - York 1
Friday, March 29th, 2019 - OOTP Baseball 18.8 Build 76